[Event "*** Titled Tuesday Blitz"]
[Site "Chess.com"]
[Date "2020.12.29"]
[Round "7"]
[White "Ladislav1969"]
[Black "tlomigtlis"]
[Result "0-1"]
[WhiteElo "2399"]
[BlackElo "2542"]
[TimeControl "180+1"]
[EndTime "11:18:54 PST"]
[Termination "tlomigtlis won on time"]

1. e4 c5 2. d4 cxd4 3. c3 d3 4. Bxd3 Nc6 5. c4 d6 6. Nc3 g6 7.
f4 Bg7 8. Nf3 Bg4 9. Be3 Nd4 10.
Qa4+ Bd7 11. Qd1 Bg4 12. Qa4+ Bd7 13. Qd1 Qb6 14. Nxd4 Bxd4 15. Nd5 Qxb2 16. Rb1 Bc3+ 17. Kf1 Qa3 18. Rb3 Qa5 19. Nxc3 Nf6 20. Qd2 Ng4 21. Bg1 O-O 22. h3 Nf6 23. Be3 Nh5 24. Kf2 f5 25. Nd5 Qd8 26. Rxb7 e6 27. Nc3 e5 28. exf5 exf4 29. Bd4 Qh4+ 30. Kg1 Bc6 31. Rc7 f3 32. Rxc6 Qxd4+ 33. Kh2 f2 34. Nd5 Qe5+ 35.
Nf4 Nxf4 36. g3 Nxd3 37. Qxd3 Rxf5 38. Rf1 Raf8 39. Qxd6 Qe2 40. Qe6+ Qxe6 41. Rxe6 Rc5 42. Re4 Rf3 43. Kg2 Rc3 44. Rxf2 R3xc4 45. Rxc4 Rxc4 46. Rb2 Ra4 47. Kf2 Kf7 48. Re2 Kf6 49. Ke1 Ra3 50.
Kf2 h5 51. Rb2 Kg5 52. Kg2 a5 53. Rb5+ Kh6 54. Rb2 a4 55. Rc2 Rd3 56. h4 a3 57.
Kh3 Kg7 58. Rf2 Rc3 59. Kg2 Rc4 60. Kh3 Rb4 61. Rf3 Ra4 62. Rb3 Kh6 63. Rc3 g5 64. Rb3 g4+ 65. Kg2 Kg6 66. Kf2 Kf5 67. Ke3 Re4+ 68.
Kf2 Ra4 69. Ke3 Kg6 70. Rb6+ Kf5 71. Rb5+ Kg6 72. Rb3 Kf5 73. Rb5+ Kg6 74. Rb6+ Kh7 75. Rb3 Kh6 76. Kd3 Ra6 77. Ke4 Kg6 78. Ke5 Ra5+ 79. Ke6 Ra4 80. Rb6 Re4+ 81. Kd5+ Kf5 82. Rf6+ Kxf6 83. Kxe4 Ke6 84. Kf4 Kd5 0-1

[Event "*** Titled Tuesday Blitz"]
[Site "Chess.com"]
[Date "2020.12.29"]
[Round "7"]
[White "MaevskiyNikolay"]
[Black "swimmerchess"]
[Result "0-1"]
[WhiteElo "2592"]
[BlackElo "2802"]
[TimeControl "180+1"]
[EndTime "11:19:05 PST"]
[Termination "swimmerchess won on time"]

1. c4 Nf6 2. Nc3 g6 3. g3 Bg7 4.
Bg2 O-O 5. e4 d6 6. Nge2 c5 7.
d3 Nc6 8. Be3 Ng4 9. Bd2 Nd4 10.
O-O Ne5 11. Be3 Nef3+ 12. Kh1 Nxe2 13. Nxe2 Nd4 14. Nxd4 cxd4 15. Bd2 e5 16. b4 f5 17. exf5 gxf5 18. Bd5+ Kh8 19. f4 Qe7 20. Qf3 Be6 21. Rfe1 Rab8 22. b5 Qf7 23. Bxe6 Qxe6 24. Bb4 Rfe8 25. fxe5 dxe5 26. Rf1 e4 27. Qxf5 Qxf5 28. Rxf5 exd3 29. Rd1 Rbc8 30. c5 Re2 31. Rxd3 Rxa2 32. Kg1 Rb2 33. Bd2 Rxb5 34. Rf7 Rcxc5 35. h4 Kg8 36. Rd7 Rd5 37. Rc7 Be5 38. Rc8+ Kf7 39. Kg2 a5 40. Ra8 b6 41. Kf3 Bf6 42. Ra7+ Kg6 43. Bf4 h5 44. Ra8 Rd7 45. g4 Rb4 46.
gxh5+ Kxh5 47. Rf8 Bg7 48. Rf5+ Kg6 49. Rg5+ Kh7 50.
Kg4 a4 51. Rh5+ Kg8 52. Rg5 Rb3 53. Rd2 a3 54. h5 Kh7 55. Rg6 Rb2 56. Rd3 a2 57.
Ra3 d3 58. Rc6 a1=Q 59. Rxa1 Rg2+ 60. Kf3 Bxa1 61. Kxg2 Bd4 62. Rg6 Bc5 63. Bd2 Re7 64.
Kf3 Re2 65. Bc3 Rc2 66. Be1 d2 67. Bxd2 Rxd2 68. Rc6 Rd5 69. Kg4 b5 70. Rc7+ Kh6 71.
Rb7 b4 72. Rb5 Rd4+ 73. Kf3 Rc4 74. Kg3 Kxh5 75. Kf3 Kg5 76. Ke2 Kf5 77. Kd3 Rc3+ 78. Kd2 Ke4 79. Rb8 Kd4 80. Rd8+ Kc4 81. Rb8 b3 82. Rc8 Rc2+ 83. Kd1 Kd3 84. Rd8+ Bd4 85. Rb8 b2 86. Rb3+ Bc3 0-1

[Event "*** Titled Tuesday Blitz"]
[Site "Chess.com"]
[Date "2020.12.29"]
[Round "7"]
[White "elohunter1999"]
[Black "Slovak_fighter2000"]
[Result "1/2-1/2"]
[WhiteElo "2676"]
[BlackElo "2488"]
[TimeControl "180+1"]
[EndTime "11:19:22 PST"]
[Termination "Game drawn - insufficient material"]

1. d4 Nf6 2. c4 e6 3. Nf3 d5 4. Nc3 c5 5. cxd5 Nxd5 6. e3 Nc6 7. Bd3 cxd4 8. exd4 Be7 9. O-O O-O 10. Qe2 Nf6 11. Rd1 Nb4 12. Bb1 b6 13. a3 Nbd5 14. Ne5 Bb7 15. Bg5 Nxc3 16. bxc3 Nd5 17. Bd2 Bg5 18. c4 Bxd2 19. Qxd2 Nf6 20. Qf4 Nd7 21. Rd3 Nxe5 22. dxe5 Qe7 23. Rh3 h6 24. Bd3 f6 25.
exf6 Qxf6 26. Qxf6 Rxf6 27. Re1 Rd8 28. Rhe3 Kf7 29.
f3 Rd4 30. a4 Bc6 31. Ra1 Rd7 32. a5 Rb7 33. axb6 axb6 34. Ra6 Rf4 35. Kf2 Rd4 36. Ke2 Kf6 37. Kd2 Rbd7 38. Rxb6 Rxc4 39. Ke2 Rc5 40. h4 Bd5 41. g4 g5 42. hxg5+ hxg5 43. Rb8 Ra5 44. Kf2 Ra2+ 45. Kg3 Kg7 46. Be4 Raa7 47. Bxd5 exd5 48. Re5 Kg6 49. Rg8+ Rg7 50. Rxg7+ Rxg7 51. Rxd5 Ra7 52. Rd6+ Kg7 53. Kf2 Ra3 54. Ke2 Rb3 55.
Rd3 Rb2+ 56. Ke3 Rb4 57. Rd4 Rb3+ 58. Ke4 Kf6 59. Rd6+ Kf7 60. Ra6 Rc3 61. Kf5 Rc5+ 62. Ke4 Kg7 63. Rd6 Rb5 64. Rd5 Rb4+ 65. Kf5 Rf4+ 66.
Kxg5 Rxf3 67. Rd7+ Kg8 68. Kg6 Rf8 69. g5 Ra8 70. Rg7+ Kh8 71. Rh7+ Kg8 72. Re7 Ra6+ 73.
Kf5 Ra8 74. Re6 Ra5+ 75. Kf6 Ra8 76. g6 Rb8 77. Rd6 Rf8+ 78. Kg5 Ra8 79. Kh6 Rb8 80. Rf6 Ra8 81. Kg5 Rb8 82. Kf5 Ra8 83. Kg5 Rb8 84. Kh6 Ra8 85. g7 Rb8 86. Re6 Ra8 87. Kg6 Rb8 88. Kf6 Ra8 89. Re5 Ra6+ 90. Re6 Rxe6+ 91. Kxe6 Kxg7 1/2-1/2

[Event "*** Titled Tuesday Blitz"]
[Site "Chess.com"]
[Date "2020.12.29"]
[Round "7"]
[White "ShapkinAnatoliy"]
[Black "ChessWarrior7197"]
[Result "0-1"]
[WhiteElo "2706"]
[BlackElo "2917"]
[TimeControl "180+1"]
[EndTime "11:19:23 PST"]
[Termination "ChessWarrior7197 won by resignation"]

1. d4 d5 2. c4 e6 3. Nf3 Nf6 4. g3 dxc4 5. Bg2 Nc6 6. O-O Rb8 7. Nc3 b5 8. Ne5 Nxe5 9. dxe5 Nd7 10. Qd4 Bc5 11. Qg4 g6 12. Bg5 Nxe5 13. Qf4 Qd4 14. Rad1 Nd3 15. exd3 Qxf4 16. Bxf4 Bd6 17. Bxd6 cxd6 18.
dxc4 bxc4 19. Rxd6 Rxb2 20. Rfd1 O-O 21. Be4 Bb7 22.
Bxb7 Rxb7 23. Rc6 Rb2 24. Rxc4 Rc2 25. Rc7 a5 26. Rdd7 Kg7 27. a4 Rc1+ 28. Kg2 Ra1 29. Rc5 Ra3 30. Ra7 Rd8 31. Rcc7 Kh6 32. Rxf7 Rxc3 33.
Rxh7+ Kg5 34. Rxa5+ Kf6 35. Rh4 Ra3 36. Rf4+ Kg7 37. Rg5 Rd2 38. h4 Rd5 39. Rxd5 exd5 40. Rd4 Kf6 41. Rxd5 Rxa4 42. Rd6+ Kf5 43. Rb6 Ra3 44.
Rb5+ Kf6 45. Rg5 Rb3 46. Rg4 Kf5 47. Rf4+ Ke5 48. Rf3 Rb2 49. Kh3 Rb4 50. Rf8 Ke6 51. f4 Ke7 52. Ra8 Rb3 53. Kg4 Kf6 54. Ra6+ Kg7 55. Ra5 Kf6 56. h5 gxh5+ 57. Rxh5 Kg6 58. Ra5 Rb6 59. Kh4 Rf6 60. Rb5 Kh6 61. Rh5+ Kg6 62.
Rh8 Kg7 63. Ra8 Kg6 64. Kg4 Rb6 65. f5+ Kf6 66. Rf8+ Kg7 67. Re8 Rb3 68. Kf4 Kf7 69. Re6 Rb4+ 70. Kg5 Ra4 71. g4 Rb4 72. Rc6 Rb7 73.
Ra6 Rc7 74. Kh5 Rc1 75. Ra7+ Kf6 76. Ra6+ Kf7 77. Kh6 Rh1+ 78. Kg5 Ra1 79. Ra7+ Rxa7 80. Kh6 Ra4 81. Kg5 Kg7 82. Kh5 Kf6 83. Kh4 Rb4 84.
Kh5 Rf4 85. Kh4 Re4 86. Kh5 Re1 87. Kh4 Rh1+ 88. Kg3 Kg5 89. Kg2 Rh4 90. Kf3 Rxg4 91. f6 Rf4+ 92. Ke3 0-1

[Event "*** Titled Tuesday Blitz"]
[Site "Chess.com"]
[Date "2020.12.29"]
[Round "7"]
[White "Keures"]
[Black "WinOrTilt"]
[Result "1-0"]
[WhiteElo "2333"]
[BlackElo "2122"]
[TimeControl "180+1"]
[EndTime "11:19:25 PST"]
[Termination "Keures won on time"]

1. d4 d5 2. c4 e6 3. Nc3 Nf6 4. Bg5 Be7 5. Qc2 c6 6. e3 O-O 7. Nf3 Nbd7 8. cxd5 exd5 9. Bd3 Re8 10. O-O h6 11. Bf4 Bf8 12. Rab1 b6 13. b4 Bb7 14. h3 Rc8 15. Qe2 Ne4 16. Rfc1 Nxc3 17. Rxc3 b5 18. a4 a6 19. a5 Nf6 20. Bf5 Ra8 21. Ne5 g6 22. Bd3 Ne4 23. Bxe4 dxe4 24. Nxc6 Bxc6 25.
Rxc6 Qd5 26. Rc7 Bd6 27. Bxd6 Qxd6 28. Rc5 Qe6 29. Rbc1 Qb3 30. Qe1 h5 31. Qc3 Qe6 32.
Re5 Qf6 33. Rxe8+ Rxe8 34. Qc6 Re6 35. Qa8+ Kh7 36. Rc8 Qg7 37. Re8 Rf6 38. Qxe4 Rf5 39. Re7 Qf6 40. Re5 Rxf2 41. Kh2 Kg7 42. Re7 Rf5 43. Rd7 g5 44. Qe8 g4 45. Rd8 g3+ 46.
Kxg3 h4+ 47. Kh2 Kg6 48. Qg8+ Qg7 49. Qxg7+ Kxg7 50. Rd6 Rf2 51. Rxa6 Rb2 52. Ra8 Rxb4 53. a6 Ra4 54. Kg1 b4 55. Rb8 Rxa6 56. Rxb4 Ra2 57.
d5 Re2 58. Re4 Rd2 59. Rd4 Re2 60. Re4 Rd2 61. Re5 Kf6 62. Re4 Rxd5 63. Rxh4 Rd2 64.
Rf4+ Kg6 65. Rf2 Rd1+ 66. Kh2 Re1 67. Rf3 f6 68. Kg3 Kg5 69. h4+ Kg6 70. Kg4 Rg1 71. g3 Rh1 72. Rf4 Re1 73. e4 Re3 74. h5+ Kg7 75.
Kh4 Re1 76. g4 Rh1+ 77. Kg3 Rg1+ 78. Kf3 Re1 79. Kf2 Rh1 80. Rf3 Rh4 81. Kg3 Rh1 82. Kf4 Re1 83. Rd3 Rf1+ 84. Kg3 Kh6 85. Rd6 Kg5 86.
Rd5+ Kh6 87. Rf5 1-0

[Event "*** Titled Tuesday Blitz"]
[Site "Chess.com"]
[Date "2020.12.29"]
[Round "7"]
[White "No_t_ime_to_die"]
[Black "mbojan"]
[Result "0-1"]
[WhiteElo "2484"]
[BlackElo "2684"]
[TimeControl "180+1"]
[EndTime "11:19:48 PST"]
[Termination "mbojan won by resignation"]

1. e4 g6 2. d4 Bg7 3. Nc3 d6 4. Be3 a6 5. f4 b5 6. e5 Nd7 7.
Nf3 Bb7 8. Bd3 c5 9. Be4 Bxe4 10.
Nxe4 Nh6 11. exd6 O-O 12. dxc5 exd6 13. Nxd6 Bxb2 14. Rb1 Bc3+ 15. Ke2 Qe7 16. Rb3 b4 17. Qd5 Ng4 18. Ne5 Ndxe5 19. fxe5 Nxe5 20. Qe4 Qe6 21. Rd1 a5 22. a4 Rad8 23. h3 Kg7 24. Qd5 Qxd5 25.
Rxd5 Nc6 26. Rd1 Kg8 27. Kd3 Ne5+ 28. Ke2 f5 29. Bg5 Rd7 30. Rbb1 Nc6 31. Kf2 f4 32.
Nb5 Rdf7 33. Rd6 Ne5 34. Rbd1 f3 35. g4 h5 36. gxh5 gxh5 37. Rh6 Rg7 38. Rxh5 Rg6 39. h4 Ng4+ 40. Kg3 f2 41. Kxg4 f1=Q 42. Rxf1 Rxf1 43. Nd6 Rg1+ 44. Kf3 Rf1+ 45. Ke2 Rf8 46. Ne4 Re6 47. Kd3 Rf3+ 48. Be3 Rh3 49. Rg5+ Kh7 50.
Rh5+ Kg8 51. Rg5+ Bg7 52. Rg4 Kh8 53. Kd2 Rh2+ 54. Kd3 Rh3 55. Kd2 Rh2+ 56. Kd3 Rh1 57. Ng5 Re7 58. Ne4 Rd7+ 59. Kc4 Rh2 60. c3 bxc3 61. Nxc3 Bxc3 62. Kxc3 Rh3 63. Re4 Rh7 64. Kc4 R7xh4 65. Rxh4+ Rxh4+ 66. Bd4+ Kg8 67. Kd5 Kf7 68. c6 Ke8 69. Bf6 Rxa4 70. c7 Kd7 71. Bd8 Rb4 72.
Kc5 Rb1 73. c8=Q+ Kxc8 74. Bxa5 Kb7 75. Bc3 Rc1 76. Kc4 Kc6 77. Kd3 Rh1 78. Bd2 Kd5 79.
Ke2 Ke4 80. Be1 Kf4 81. Kf2 Rh2+ 82. Kg1 Re2 83. Bf2 Kf3 84. Bh4 Kg4 85. Bf2 Kf3 86. Bh4 Re4 87. Bd8 Re8 88. Bb6 Re6 89. Ba7 Ra6 90.
Bd4 Ra4 91. Bb6 Ra1+ 92. Kh2 Rb1 93. Ba7 Rb7 94. Bc5 Rh7+ 95. Kg1 Rh5 96. Bb6 Rh7 97. Bc5 Rd7 98. Bb6 Kg3 99. Kh1 Kh3 100. Bc5 Kg4 101. Bb6 Kf3 102. Bc5 Rd5 103. Bb6 Rb5 104. Bc5 Rxc5 0-1

[Event "*** Titled Tuesday Blitz"]
[Site "Chess.com"]
[Date "2020.12.29"]
[Round "7"]
[White "Savva09022009"]
[Black "PhoenixFire8"]
[Result "1-0"]
[WhiteElo "2621"]
[BlackElo "2446"]
[TimeControl "180+1"]
[EndTime "11:19:57 PST"]
[Termination "Savva09022009 won by checkmate"]

1. d4 g6 2. Nc3 Bg7 3. Bf4 d6 4.
e4 Nd7 5. Nf3 e5 6. dxe5 Nxe5 7.
Nxe5 Bxe5 8. Bxe5 dxe5 9. Qxd8+ Kxd8 10. Bc4 Be6 11. Bxe6 fxe6 12. Ke2 c6 13. Ke3 Nf6 14.
f3 Ke7 15. Ne2 a5 16. Nc1 a4 17. Nd3 Nd7 18. a3 b5 19. b3 c5 20. Rhb1 Rhb8 21.
Nb2 Nb6 22. bxa4 Nxa4 23. Nd3 Kd6 24. Rd1 Nc3 25. Rd2 c4 26. Nf2+ Kc5 27. Ng4 Rd8 28.
Rxd8 Rxd8 29. Nxe5 Nd1+ 30. Ke2 Nc3+ 31. Ke1 Rd6 32. g4 Kd4 33. Nf7 Rd7 34. Ng5 Ke3 35.
Nxe6 Rd2 36. Kf1 Kxf3 37. e5 Rxh2 38. Kg1 Rg2+ 39. Kh1 Rxg4 40. Rf1+ Ke4 41. Re1+ Kf5 42. Ng7+ Kg5 43. e6 Rh4+ 44. Kg2 Rg4+ 45. Kh3 Rh4+ 46.
Kg3 Rg4+ 47. Kf3 Rf4+ 48. Kg3 Ne4+ 49. Kh3 Kf6 50. Ne8+ Kxe6 51. Nc7+ Kf5 52. Nxb5 Ng5+ 53. Kg3 Rg4+ 54. Kf2 Ne4+ 55. Ke3 Rg3+ 56. Kd4 c3 57. Rxe4 Rg2 58. Re5+ Kf6 59. Rc5 Rxc2 60. Rxc3 Rd2+ 61. Ke4 Rd8 62. Nd4 Kg5 63. a4 Kf6 64. Ra3 Re8+ 65.
Kd3 Ra8 66. a5 Ke5 67. a6 Rd8 68. Ra4 Kd5 69. a7 Ra8 70. Kc3 Kc5 71. Ne6+ Kb6 72. Rb4+ Kxa7 73. Kd4 Re8 74. Ke5 h5 75. Kf6 Rh8 76.
Kxg6 h4 77. Rb2 h3 78. Rh2 Kb6 79. Kf5 Kc6 80. Nf4 Kd6 81. Nxh3 Ke7 82. Kg4 Kf6 83. Rf2+ Ke7 84. Ng5 Rg8 85. Re2+ Kd6 86. Kf5 Ra8 87.
Kf6 Rf8+ 88. Nf7+ Kc5 89. Rd2 Ra8 90. Ke6 Ra6+ 91. Ke5 Kc4 92. Nd6+ Kc3 93. Ne4+ Kc4 94. Rd4+ Kb5 95. Nc3+ Kc6 96. Rc4+ Kb7 97. Ne4 Ra5+ 98. Kd6 Ra6+ 99. Kd7 Ra1 100. Nd6+ Kb6 101. Rc6+ Ka5 102. Rc8 Rd1 103. Rb8 Rd3 104. Kc6 Rd1 105. Kc5 Ka6 106. Ra8# 1-0

[Event "*** Titled Tuesday Blitz"]
[Site "Chess.com"]
[Date "2020.12.29"]
[Round "7"]
[White "mshuaau0"]
[Black "queen_iryna"]
[Result "1-0"]
[WhiteElo "2229"]
[BlackElo "2321"]
[TimeControl "180+1"]
[EndTime "11:20:23 PST"]
[Termination "mshuaau0 won by resignation"]

1. e4 d6 2. d4 Nf6 3. Nc3 e5 4. dxe5 dxe5 5. Qxd8+ Kxd8 6. Bg5 Be6 7. O-O-O+ Nd7 8. Nf3 Kc8 9. a3 a6 10. Bxf6 gxf6 11. Nh4 b5 12. Nd5 Bc5 13. f3 c6 14.
b4 Bf2 15. Nf5 cxd5 16. Ne7+ Kd8 17. Nc6+ Kc7 18. exd5 Bf5 19. Kb2 Kd6 20. Na5 Nb6 21.
h4 Na4+ 22. Kb3 Rac8 23. Nc6 Bd7 24. c4 Bxc6 25. dxc6+ Kxc6 26. cxb5+ axb5 27. Bd3 Bd4 28. Rc1+ Kb6 29. Be4 Rc3+ 30. Rxc3 Nxc3 31. h5 h6 32. Rh3 Nxe4 33. fxe4 Rg8 34. Rf3 Rc8 35. Rxf6+ Rc6 36. Rxf7 Rc3+ 37. Ka2 Rc2+ 38. Kb1 Rxg2 39. Rf6+ Kb7 40. Rxh6 Rh2 41. Rh7+ Kc6 42. Rh8 Rh4 43. h6 Kb7 44. h7 Rh2 45. Kc1 Be3+ 46. Kd1 Bf4 47.
Ke1 Bg3+ 48. Kf1 Bf4 49. Kg1 Rh6 50. Kf1 Be3 51. Kg2 Bd4 52. Kf3 Kc7 53. Kg4 Kb7 54. Kg5 Rh1 55. Kg6 Rg1+ 56. Kf7 Rf1+ 57. Ke6 Rh1 58. Kd5 Rh6 59. Rg8 Rxh7 60. Rg6 Rd7+ 61.
Ke6 Rc7 62. Kd5 Rd7+ 63. Ke6 Rh7 64. Kf5 Rh5+ 65. Ke6 Rh4 66. Kd5 Ka7 67. Rg7+ Kb6 68. Rg6+ Kc7 69. Rg7+ Kb6 70. Rg6+ Kb7 71. Rg7+ Ka6 72.
Rg6+ Bb6 73. Kc6 Rxe4 74. a4 Rc4+ 75. Kd5 Rd4+ 76. Kc6 Rc4+ 77. Kd5 Rc1 78. a5 Rd1+ 79. Kxe5 Rc1 80. Rxb6+ Ka7 81. Rxb5 Rc4 82. Rb6 Rc3 83. Kd5 Rc1 84. Rb5 Rd1+ 85. Kc4 Rc1+ 86. Kd5 Rd1+ 87.
Kc4 Rc1+ 88. Kd4 Rd1+ 89. Kc5 Rc1+ 90. Kd6 Rd1+ 91. Rd5 Rb1 92. b5 Ra1 93. a6 Kb6 94.
Rc5 Rd1+ 95. Rd5 Ra1 96. Kd7 Ra5 97. Kc8 Ra1 98. Kb8 Rh1 99. Rd6+ Kxb5 100. a7 Rh8+ 101. Kb7 Rh7+ 102. Kb8 Rh8+ 103. Kc7 Rh7+ 104. Rd7 Rh8 105. Kb7 Ka5 106. a8=Q+ Rxa8 107. Kxa8 Kb4 108. Kb7 Kc3 109. Kc6 Kc4 110. Rd5 Kb4 111. Rc5 Ka4 112. Kd5 Kb4 113. Kd4 Kb3 114. Rc4 1-0

[Event "*** Titled Tuesday Blitz"]
[Site "Chess.com"]
[Date "2020.12.29"]
[Round "8"]
[White "nitpicker"]
[Black "MoreChessJulia"]
[Result "1-0"]
[WhiteElo "2257"]
[BlackElo "2103"]
[TimeControl "180+1"]
[EndTime "11:22:46 PST"]
[Termination "nitpicker won by resignation"]

1. d4 f5 2. c4 e6 3. Nf3 Nf6 4. Qc2 Bb4+ 5. Nbd2 b6 6. a3 Be7 7. e4 fxe4 8. Nxe4 Bb7 9. Bd3 g6 10. Bh6 Nxe4 11. Bxe4 Nc6 12. Bxg6+ 1-0

[Event "*** Titled Tuesday Blitz"]
[Site "Chess.com"]
[Date "2020.12.29"]
[Round "8"]
[White "tlomigtlis"]
[Black "Grammnik"]
[Result "1-0"]
[WhiteElo "2546"]
[BlackElo "2334"]
[TimeControl "180+1"]
[EndTime "11:22:50 PST"]
[Termination "tlomigtlis won by resignation"]

1. d4 d5 2. c4 c6 3. Nf3 Nf6 4. Nc3 dxc4 5. a4 Bf5 6. Ne5 Nbd7 7.
Nxc4 Qc7 8. g3 e5 9. dxe5 Nxe5 10. Bf4 Nfd7 11. Bg2 f6 12. O-O Nc5 13. e4 Bg6 14. b4 Rd8 15. Bxe5 fxe5 16. Qg4 Rd4 17. bxc5 1-0

[Event "*** Titled Tuesday Blitz"]
[Site "Chess.com"]
[Date "2020.12.29"]
[Round "8"]
[White "NoGalloNoParty"]
[Black "tsaruk_maks"]
[Result "0-1"]
[WhiteElo "2369"]
[BlackElo "2574"]
[TimeControl "180+1"]
[EndTime "11:22:56 PST"]
[Termination "tsaruk_maks won by resignation"]

1. d4 Nf6 2. Nf3 e6 3. c4 d5 4. g3 dxc4 5. Bg2 Be7 6. O-O O-O 7. Qc2 a6 8. a4 Bd7 9. Qxc4 Bc6 10. Bf4 a5 11. Rd1 Nbd7 12. Nc3 Nb6 13. Qd3 Bxf3 14. Bxf3 c6 15. e4 Bb4 16. Bg2 Qe7 17. b3 Rfd8 18. Qe2 Bxc3 0-1

[Event "*** Titled Tuesday Blitz"]
[Site "Chess.com"]
[Date "2020.12.29"]
[Round "8"]
[White "jocmil"]
[Black "Nafania1"]
[Result "1/2-1/2"]
[WhiteElo "2546"]
[BlackElo "2414"]
[TimeControl "180+1"]
[EndTime "11:23:02 PST"]
[Termination "Game drawn by repetition"]

1. d4 Nf6 2. Nf3 e6 3. Bg5 h6 4.
Bh4 g5 5. Bg3 Ne4 6. Nbd2 Nxg3 7.
hxg3 Bg7 8. e3 d6 9. Bd3 Nc6 10. c3 Bd7 11. Qe2 Qe7 12. e4 f5 13. exf5 exf5 14.
Qxe7+ Nxe7 15. O-O-O O-O-O 16. Rde1 Nd5 17. Bc4 Bc6 18.
Bd3 Bd7 19. Bc4 Bc6 20. Bd3 Bd7 1/2-1/2

[Event "*** Titled Tuesday Blitz"]
[Site "Chess.com"]
[Date "2020.12.29"]
[Round "8"]
[White "davigator"]
[Black "TengisChess"]
[Result "1-0"]
[WhiteElo "2296"]
[BlackElo "2397"]
[TimeControl "180+1"]
[EndTime "11:23:08 PST"]
[Termination "davigator won by resignation"]

1. e4 c6 2. d4 d5 3. e5 Bf5 4.
h4 h6 5. g4 Bc8 6. c3 e6 7.
Nf3 Nd7 8. Bd3 Ne7 9. Be3 c5 10.
b4 Nc6 11. bxc5 b6 12. cxb6 Qxb6 13. Nbd2 Ba6 14. c4 dxc4 15. Nxc4 Bb4+ 16. Ke2 Bxc4 17. Bxc4 O-O 18. Rb1 Qa5 19. g5 h5 20. g6 1-0

[Event "*** Titled Tuesday Blitz"]
[Site "Chess.com"]
[Date "2020.12.29"]
[Round "8"]
[White "DinaBelenkaya"]
[Black "ChessArchitect64"]
[Result "1-0"]
[WhiteElo "2379"]
[BlackElo "2070"]
[TimeControl "180+1"]
[EndTime "11:23:14 PST"]
[Termination "DinaBelenkaya won by resignation"]

1. e4 c5 2. Nc3 Nc6 3. g3 g6 4. Bg2 Bg7 5. Nge2 d6 6. d3 e6 7. Be3 Nge7 8. Qd2 O-O 9. Bh6 Re8 10. Bxg7 Kxg7 11. h4 e5 12. h5 Ng8 13. hxg6 hxg6 14. Nd5 Be6 15. Nec3 Nce7 16. O-O-O Nxd5 17. exd5 Bxd5 18. Nxd5 1-0

[Event "*** Titled Tuesday Blitz"]
[Site "Chess.com"]
[Date "2020.12.29"]
[Round "8"]
[White "ChessLover0108"]
[Black "vladgoncharov"]
[Result "1-0"]
[WhiteElo "2755"]
[BlackElo "2561"]
[TimeControl "180+1"]
[EndTime "11:23:21 PST"]
[Termination "ChessLover0108 won by resignation"]

1. d4 Nf6 2. c4 e6 3. Nf3 Bb4+ 4. Bd2 Be7 5. Nc3 d5 6. Bf4 O-O 7. e3 c5 8. dxc5 Bxc5 9. cxd5 exd5 10. Be5 Bb4 11. a3 Ba5 12. b4 Bb6 13. Bxf6 Qxf6 14. Nxd5 Qg6 15. Bd3 Qxg2 16. Rg1 Qh3 17. Rg3 Qh5 18.
Nf6+ 1-0

[Event "*** Titled Tuesday Blitz"]
[Site "Chess.com"]
[Date "2020.12.29"]
[Round "8"]
[White "kuban1991"]
[Black "FlamingPhoenix123"]
[Result "1-0"]
[WhiteElo "2756"]
[BlackElo "2604"]
[TimeControl "180+1"]
[EndTime "11:23:25 PST"]
[Termination "kuban1991 won by resignation"]

1. Nf3 c5 2. g3 Nf6 3. Bg2 Nc6 4.
O-O g6 5. c4 Bg7 6. Nc3 O-O 7. d3 d6 8. a3 Bd7 9. Rb1 Rb8 10. b4 b6 11. b5 Na5 12. Bd2 e5 13.
Ne1 Be6 14. Bg5 h6 15. Bxf6 Bxf6 16. Nc2 Bg7 17. Ne3 f5 18. Ned5 Kh7 19. e3 Qd7 20.
f4 Nb7 21. a4 Nd8 22. a5 Nf7 23. axb6 axb6 24. Ra1 exf4 25. gxf4 Bxd5 26. Nxd5 Qe6 27. Ra7 Ra8 28. Re7 1-0

[Event "*** Titled Tuesday Blitz"]
[Site "Chess.com"]
[Date "2020.12.29"]
[Round "8"]
[White "TregubovP"]
[Black "Kosak12"]
[Result "1-0"]
[WhiteElo "2604"]
[BlackElo "2757"]
[TimeControl "180+1"]
[EndTime "11:23:42 PST"]
[Termination "TregubovP won by resignation"]

1. e4 c5 2. Nf3 Nc6 3. c3 d5 4. exd5 Qxd5 5. d4 Bg4 6. Be2 e6 7. h3 Bh5 8. c4 Qd7 9. d5 Bxf3 10.
Bxf3 Nd4 11. O-O e5 12. Nc3 Bd6 13. Re1 Ne7 14. b4 cxb4 15. Ne4 Rc8 16. Bb2 Rxc4 17. Be2 Rc8 18. Bxd4 exd4 19. Bb5 1-0

[Event "*** Titled Tuesday Blitz"]
[Site "Chess.com"]
[Date "2020.12.29"]
[Round "8"]
[White "PowerThinking2650"]
[Black "Heineccius"]
[Result "0-1"]
[WhiteElo "2423"]
[BlackElo "2578"]
[TimeControl "180+1"]
[EndTime "11:23:48 PST"]
[Termination "Heineccius won by resignation"]

1. e4 c5 2. Nf3 e6 3. d4 cxd4 4. Nxd4 Nc6 5. Nb5 d6 6. c4 Be7 7. N1c3 a6 8. Nd4 Nf6 9. Be2 Bd7 10. Be3 O-O 11. O-O Rb8 12. f4 b5 13. cxb5 Nxd4 14.
Bxd4 axb5 15. e5 dxe5 16. fxe5 Nd5 17. Nxd5 exd5 18. Bd3 Be6 19. Qh5 g6 20. Qh6 Bg5 0-1

[Event "*** Titled Tuesday Blitz"]
[Site "Chess.com"]
[Date "2020.12.29"]
[Round "8"]
[White "bylavochka"]
[Black "XiaoKangZhong"]
[Result "0-1"]
[WhiteElo "2133"]
[BlackElo "2405"]
[TimeControl "180+1"]
[EndTime "11:23:57 PST"]
[Termination "XiaoKangZhong won by resignation"]

1. e4 c6 2. d4 d5 3. exd5 cxd5 4. c4 Nf6 5. Nc3 Nc6 6. Nf3 Bg4 7. cxd5 Nxd5 8.
Qb3 Bxf3 9. gxf3 e6 10. Qxb7 Nxd4 11. Bb5+ Nxb5 12. Qc6+ Ke7 13. Qxb5 Nxc3 14. bxc3 Rb8 15. Qa5 Qxa5 0-1

[Event "*** Titled Tuesday Blitz"]
[Site "Chess.com"]
[Date "2020.12.29"]
[Round "8"]
[White "imdvb6307"]
[Black "KyronGriffith"]
[Result "0-1"]
[WhiteElo "2380"]
[BlackElo "2543"]
[TimeControl "180+1"]
[EndTime "11:24:18 PST"]
[Termination "KyronGriffith won by resignation"]

1. c4 Nf6 2. Nc3 g6 3. Nf3 Bg7 4. d4 d6 5. e4 O-O 6. Be2 e5 7. O-O exd4 8. Nxd4 Re8 9. f3 c6 10. Nc2 Be6 11. Be3 d5 12. cxd5 cxd5 13. e5 Nfd7 14. f4 Nc6 15. Nxd5 Ndxe5 16. Nc3 Nc4 17. Qxd8 Raxd8 18. Bxc4 Bxc4 19. Rfd1 Bd3 20. Ne1 Rxe3 21. Kf2 Bd4 22. Nb5 Re2+ 23. Kf3 Bxb5 0-1

[Event "*** Titled Tuesday Blitz"]
[Site "Chess.com"]
[Date "2020.12.29"]
[Round "8"]
[White "alexrustemov"]
[Black "Supernotar"]
[Result "1/2-1/2"]
[WhiteElo "2680"]
[BlackElo "2850"]
[TimeControl "180+1"]
[EndTime "11:24:23 PST"]
[Termination "Game drawn by agreement"]

1. d4 d5 2. c4 dxc4 3. e3 Nf6 4. Bxc4 e6 5. Nf3 a6 6. O-O b5 7. Bd3 Bb7 8. Qe2 Nbd7 9. Rd1 c5 10. Nbd2 Be7 11.
b3 O-O 12. Bb2 Qb6 13. Rac1 Rac8 14. h3 Rfd8 15. dxc5 Nxc5 16. Bb1 h6 17. Bd4 Qa5 18. Ne5 Ncd7 19. Ndf3 Nxe5 20. Nxe5 Rxc1 21. Rxc1 Ba3 22. Rd1 Qc7 23. Qc2 Qxc2 24. Bxc2 Rc8 25. Bd3 Be4 1/2-1/2

[Event "*** Titled Tuesday Blitz"]
[Site "Chess.com"]
[Date "2020.12.29"]
[Round "8"]
[White "Mikasinski"]
[Black "Forantes"]
[Result "1-0"]
[WhiteElo "2526"]
[BlackElo "2384"]
[TimeControl "180+1"]
[EndTime "11:24:24 PST"]
[Termination "Mikasinski won by resignation"]

1. e4 c5 2. Nf3 Nc6 3. d4 cxd4 4. Nxd4 e5 5. Nb5 a6 6. Nd6+ Bxd6 7. Qxd6 Qf6 8. Qd1 Qg6 9. Nc3 d5 10. Nxd5 Qxe4+ 11. Be3 Nd4 12. Nc7+ Ke7 13. Qd3 Nxc2+ 14. Kd2 Qxd3+ 15.
Bxd3 Nxa1 16. Nxa8 Nf6 17. Nb6 Be6 18. Bc5+ Kd8 19.
Rxa1 e4 20. Bc4 1-0

[Event "*** Titled Tuesday Blitz"]
[Site "Chess.com"]
[Date "2020.12.29"]
[Round "8"]
[White "m_ezat"]
[Black "Lady_Nika"]
[Result "1-0"]
[WhiteElo "2539"]
[BlackElo "2323"]
[TimeControl "180+1"]
[EndTime "11:24:59 PST"]
[Termination "m_ezat won by resignation"]

1. d4 d5 2. c4 e6 3. Nc3 f5 4. e3 Nf6 5. Qc2 c6 6. Bd3 Ne4 7. Nge2 Bd6 8. f3 Qh4+ 9. g3 Nxg3 10. Nxg3 Bxg3+ 11. Kf1 Bd6 12. Qg2 Qf6 13. Bd2 Na6 14. a3 Nc7 15. Ke2 Bd7 16. Rag1 g6 17. h4 dxc4 18.
Bxc4 O-O-O 19. h5 Rdg8 20. Kd1 Nd5 21. Kc2 Ne7 22. hxg6 hxg6 23. Rd1 g5 24. e4 fxe4 25. Nxe4 Qg6 26. Bd3 Kb8 27. Nxd6 Qg7 28. Nc4 Rxh1 29.
Rxh1 Qxd4 30. Bc3 Qf4 31. Be5+ 1-0

[Event "*** Titled Tuesday Blitz"]
[Site "Chess.com"]
[Date "2020.12.29"]
[Round "8"]
[White "Alexandercs432"]
[Black "anon481216"]
[Result "0-1"]
[WhiteElo "2190"]
[BlackElo "2400"]
[TimeControl "180+1"]
[EndTime "11:25:02 PST"]
[Termination "anon481216 won by resignation"]

1. e4 c5 2. Nf3 e6 3. d4 cxd4 4. Nxd4 Nc6 5. Nc3 Qc7 6. Be3 a6 7. Be2 Nf6 8. O-O Be7 9. f4 d6 10. Kh1 O-O 11. Qe1 Nxd4 12. Bxd4 b5 13. a3 Bb7 14. Qg3 Bc6 15. Rae1 Qb7 16. Bd3 g6 17. f5 e5 18. fxg6 hxg6 19. Bg1 Kg7 20. Rf3 Nh5 21. Qf2 f5 22. Rh3 fxe4 23. Qg3 Nxg3+ 0-1